[Event "ICC tourney 2155 (40 10)"]
[Site "Internet Chess Club"]
[Date "2020.11.22"]
[Round "3"]
[White "SunnyCountry"]
[Black "Supersky"]
[Result "1-0"]
[ICCResult "Black resigns"]
[WhiteElo "1327"]
[BlackElo "1296"]
[Opening "Sicilian: Kan, 5.Nc3"]
[ECO "B43"]
[NIC "SI.43"]
[Time "15:34:10"]
[TimeControl "2400+10"]

1. e4 c5 2. Nf3 e6 3. Nc3 a6 4. d4 cxd4 5. Nxd4 Nf6 6. Bc4 b5 7. Bd3 Bc5 8.
Nb3 Qc7 9. Nxc5 Qxc5 10. Be3 Qb4 11. Rb1 O-O 12. a3 Qe7 13. Qf3 Bb7 14. O-O
d6 15. Qh3 Nbd7 16. f4 h6 17. f5 Ne5 18. b4 Rac8 19. Bd2 Nc4 20. Bxc4 Rxc4
21. Rf3 Nxe4 22. Nxe4 Bxe4 23. Rg3 Bxf5 24. Qxh6 Bg6 25. Qe3 Rxc2 26. Rc1
Rxc1+ 27. Bxc1 Rc8 28. Bb2 e5 29. Qb3 Kf8 30. Rh3 Ke8 31. Qg3 Kd7 32. Qg4+
Qe6 33. Qf3 d5 34. Qe3 f6 35. Rg3 Qf5 36. h3 d4 37. Qb3 Qb1+ 38. Kh2 Kd6 39.
Rg4 d3 40. Bxe5+ fxe5 41. Qxb1 Bf5 42. Rg3 e4 43. Qd1 g6 44. Re3 Rc3 45. g4
Rxa3 46. gxf5 gxf5 47. Qh5 Ke5 48. Re1 Ra2+ 49. Kg3 d2 50. Rf1 Ra3+ 51. Kg2
Rd3 52. Qxf5+ Kd4 53. Qg4 Re3 54. Qd1 Kd3 55. Rf2 Rf3 56. Qxd2+ Kc4 57. Rxf3
exf3+ 58. Kxf3 Kb3 59. h4 Ka4 60. h5 a5 61. bxa5 b4 62. a6 b3 63. a7
{Black resigns}
1-0

[Event "ICC tourney 2155 (40 10)"]
[Site "Internet Chess Club"]
[Date "2020.11.22"]
[Round "3"]
[White "avats"]
[Black "cdj12417489"]
[Result "1/2-1/2"]
[ICCResult "Game drawn by repetition"]
[WhiteElo "1581"]
[BlackElo "1263"]
[Opening "Scandinavian (center counter) defense"]
[ECO "B01"]
[NIC "VO.17"]
[Time "15:34:06"]
[TimeControl "2400+10"]

1. e4 d5 2. exd5 c6 3. dxc6 Nxc6 4. Nf3 Bg4 5. Be2 Nf6 6. Nc3 e6 7. h3 Bxf3
8. Bxf3 Bc5 9. Bxc6+ bxc6 10. O-O O-O 11. b3 Qd4 12. Bb2 Ne4 13. Nxe4 Qxe4
14. d3 Qf4 15. Qc1 Qf5 16. Qd2 Bb6 17. Rad1 Rfd8 18. Qe2 Qf4 19. Qe5 Qxe5
20. Bxe5 Bd4 21. Bxd4 Rxd4 22. Rfe1 Rad8 23. Rd2 g6 24. Rde2 Kf8 25. Kf1 Ke7
26. Re4 c5 27. f3 Kd6 28. Rxd4+ cxd4 29. Rc1 Rc8 30. Ke2 Ke5 31. g3 g5 32.
Kd2 h5 33. Re1+ Kd5 34. a3 e5 35. Rc1 Rc3 36. g4 h4 37. Ra1 Rc6 38. b4 Rf6
39. Ke2 Rc6 40. Ra2 Rc3 41. a4 Kc6 42. Kd2 a6 43. Kc1 Kb6 44. Kd2 Rc6 45.
Rb2 Rf6 46. Ke2 a5 47. b5 Kc5 48. Rb3 Rb6 49. Kd2 Kd5 50. c4+ Kc5 51. Rb1
Rf6 52. Ke2 Rb6 53. Rc1 Rf6 54. Kf2 Rb6 55. Rb1 Rf6 56. Re1 Re6 57. Rc1 Rb6
58. Rb1 Rf6 59. Ke2 Rb6 60. Kd2 Rf6 61. Ke2 Rb6 62. Kd2 Rf6 63. b6 Rxb6 64.
Rxb6 Kxb6 65. Kc2 Kc5 66. Kb3 Kb6 67. Kb2 Kc5 68. Kb3 Kb6 69. Ka3 Kc5 70.
Kb3 {Game drawn by repetition} 1/2-1/2

[Event "ICC tourney 2155 (40 10)"]
[Site "Internet Chess Club"]
[Date "2020.11.22"]
[Round "4"]
[White "sillytiger"]
[Black "avats"]
[Result "0-1"]
[ICCResult "White checkmated"]
[WhiteElo "1365"]
[BlackElo "1588"]
[Opening "QGD: 4.Bg5 Be7"]
[ECO "D53"]
[NIC "QO.13"]
[Time "17:48:05"]
[TimeControl "2400+10"]

1. c4 e6 2. Nc3 d5 3. d4 Nf6 4. Bg5 Be7 5. Nf3 c6 6. e3 Nbd7 7. Bd3 O-O 8.
O-O Qc7 9. Rc1 h6 10. Bh4 Rd8 11. Bg3 Bd6 12. Bxd6 Qxd6 13. c5 Qc7 14. b4 e5
15. dxe5 Nxe5 16. Nxe5 Qxe5 17. b5 Qc7 18. Na4 Be6 19. Qc2 Ng4 20. b6 Qxh2#
{White checkmated}
0-1

[Event "ICC tourney 2155 (40 10)"]
[Site "Internet Chess Club"]
[Date "2020.11.22"]
[Round "4"]
[White "SunnyCountry"]
[Black "ruitang"]
[Result "0-1"]
[ICCResult "White checkmated"]
[WhiteElo "1323"]
[BlackElo "1651"]
[Opening "Giuoco Piano"]
[ECO "C54"]
[NIC "IG.02"]
[Time "17:47:53"]
[TimeControl "2400+10"]

1. e4 e5 2. Nf3 Nc6 3. Bc4 Bc5 4. c3 Nf6 5. d3 d6 6. a4 a6 7. Nbd2 h6 8. O-O
Ba7 9. h3 g5 10. Re1 Rg8 11. Nf1 g4 12. hxg4 Nxg4 13. Ne3 Nxe3 14. Bxe3 Bxe3
15. Rxe3 Bh3 16. Ne1 Bg4 17. Nf3 Qf6 18. Qe2 O-O-O 19. b4 Nd4 20. cxd4 exd4
21. Re1 dxe3 22. Qxe3 Bxf3 23. Kf1 Bxg2+ 24. Ke2 Bh3 25. Qxh3+ Kb8 26. Qe3
Qb2+ 27. Qd2 Qxd2+ 28. Kxd2 Rg2 29. Ke3 f5 30. Rh1 fxe4 31. dxe4 Rf8 32. Rf1
h5 33. f4 Rb2 34. b5 Rb4 35. Bd5 axb5 36. axb5 Rxb5 37. f5 h4 38. f6 Kc8 39.
f7 Kd7 40. Rg1 h3 41. Rh1 c6 42. Ba2 Ra5 43. Rh2 Rh8 44. Kf4 Ke7 45. Kg3
Rxa2 46. Rxa2 Kxf7 47. Rh2 Ke6 48. Kf4 b5 49. Kg3 b4 50. Kf2 b3 51. Kg1 c5
52. Kf2 b2 53. Kg3 b1=Q 54. Rxh3 Rxh3+ 55. Kxh3 c4 56. Kg4 c3 57. Kf4 c2 58.
e5 c1=Q+ 59. Kg4 Qf5+ 60. Kg3 Qg1+ 61. Kh4 Qh7# {White checkmated} 0-1

[Event "ICC tourney 2155 (40 10)"]
[Site "Internet Chess Club"]
[Date "2020.11.22"]
[Round "4"]
[White "Supersky"]
[Black "mrneale"]
[Result "1-0"]
[ICCResult "Black checkmated"]
[WhiteElo "1323"]
[BlackElo "1550"]
[Opening "Queen's Pawn"]
[ECO "A41"]
[NIC "QO.17"]
[Time "17:47:35"]
[TimeControl "2400+10"]

1. d4 d6 2. Nf3 Nd7 3. e3 e5 4. dxe5 dxe5 5. b3 c6 6. Bb2 Qc7 7. e4 Ngf6 8.
Bd3 Be7 9. Nbd2 O-O 10. O-O h6 11. Nh4 Nb6 12. Nf5 Bxf5 13. exf5 Nbd5 14. c4
Nb4 15. Bb1 Rad8 16. Qe2 Nd7 17. a3 Na6 18. Nf3 f6 19. Nh4 Rfe8 20. b4 Nf8
21. Be4 Nb8 22. Rad1 Rxd1 23. Rxd1 Rd8 24. Ng6 Nxg6 25. fxg6 Rxd1+ 26. Qxd1
Qd8 27. Qxd8+ Bxd8 28. h4 Kf8 29. g3 Ke7 30. Bf5 Nd7 31. f3 b6 32. Kf2 a6
33. Ke3 c5 34. Ke4 Kd6 35. Bc1 Nb8 36. Bxh6 cxb4 37. axb4 Nc6 38. Bxg7 a5
39. Bf8+ Ne7 40. bxa5 bxa5 41. g7 Kc6 42. Bxe7 Bxe7 43. g8=Q Bb4 44. Qd5+
Kb6 45. Qb5+ Kc7 46. h5 Bd2 47. f4 exf4 48. gxf4 a4 49. Qxa4 Be1 50. h6 Bc3
51. h7 Bb2 52. h8=Q Be5 53. Qh7+ Kb6 54. Qb5# {Black checkmated} 1-0

[Event "ICC tourney 2155 (40 10)"]
[Site "Internet Chess Club"]
[Date "2020.11.22"]
[Round "4"]
[White "SK-2005"]
[Black "Threehundreds"]
[Result "1/2-1/2"]
[ICCResult "Game drawn by mutual agreement"]
[WhiteElo "1685"]
[BlackElo "1478"]
[Opening "Giuoco Piano: Möller (Therkatz) attack"]
[ECO "C54"]
[NIC "IG.02"]
[Time "17:47:35"]
[TimeControl "2400+10"]

1. e4 e5 2. Nf3 Nc6 3. Bc4 Bc5 4. c3 Nf6 5. d4 exd4 6. cxd4 Bb4+ 7. Nc3 Nxe4
8. O-O Bxc3 9. d5 Ne5 10. bxc3 Nxc4 11. Qd4 O-O 12. Qxe4 Nd6 13. Qd3 Qf6 14.
Ba3 b6 15. Rfe1 Bb7 16. Ne5 Rfd8 17. Qh3 Qf5 18. g4 Qf6 19. Qh5 Qh6 20. Qxh6
gxh6 21. Rad1 Nb5 22. Bb2 f6 23. Nc4 Re8 24. Rxe8+ Rxe8 25. a4 Nd6 26. Nxd6
cxd6 27. Rd4 Ba6 28. c4 Kf7 29. Rf4 Kg8 30. Rxf6 Bxc4 31. Rxd6 Re7 32. Bd4
Re4 33. Be3 Rxg4+ 34. Kh1 Bd3 35. f3 Rg6 36. Rxg6+ hxg6 37. a5 bxa5 38. Bxa7
a4 39. Bc5 Bc4 40. d6 Kf7 {Game drawn by mutual agreement} 1/2-1/2

[Event "ICC tourney 2155 (40 10)"]
[Site "Internet Chess Club"]
[Date "2020.11.22"]
[Round "4"]
[White "keb2020"]
[Black "VincentT2008"]
[Result "0-1"]
[ICCResult "White checkmated"]
[WhiteElo "1821"]
[BlackElo "1776"]
[Opening "Van't Kruijs opening"]
[ECO "A00"]
[Time "17:47:44"]
[TimeControl "2400+10"]

1. e3 e5 2. b3 d6 3. Bb2 g6 4. c4 Bg7 5. d4 Nd7 6. Nf3 exd4 7. Bxd4 Ngf6 8.
Nbd2 O-O 9. Bd3 Re8 10. O-O Ne5 11. Be2 Bf5 12. Nh4 Bd7 13. Bb2 h6 14. Nhf3
Bf5 15. Nd4 Bd3 16. f4 Bxe2 17. Qxe2 Ned7 18. Rae1 Nc5 19. N4f3 Ng4 20. Ne5
dxe5 21. Qxg4 Qxd2 22. fxe5 Qxb2 23. e6 Rxe6 24. Qf3 Rf6 25. Qg3 Rxf1+ 26.
Rxf1 Qe5 27. Qf3 Qe6 28. h3 Re8 29. e4 Nxe4 30. Re1 Qc6 31. Rf1 Nf6 32. Qf2
Qe4 33. Kh1 Qe3 34. Qh4 g5 35. Qf2 Qxf2 36. Rxf2 Nh5 37. Kh2 Be5+ 38. Kg1
Bd4 39. Kf1 Ng3+ 40. Kg1 Re2 41. Kh2 Bxf2 42. h4 Re1 43. Kh3 f5 44. hxg5
Rh1# {White checkmated} 0-1

[Event "ICC tourney 2155 (40 10)"]
[Site "Internet Chess Club"]
[Date "2020.11.22"]
[Round "4"]
[White "jonathanh6"]
[Black "cdj12417489"]
[Result "1-0"]
[ICCResult "Black resigns"]
[WhiteElo "1580"]
[BlackElo "1262"]
[Opening "Scandinavian defense"]
[ECO "B01"]
[NIC "SD.03"]
[Time "17:47:39"]
[TimeControl "2400+10"]

1. e4 d5 2. exd5 Nf6 3. d4 Qxd5 4. Nf3 Bg4 5. Be2 Nc6 6. O-O e6 7. c3 Bd6 8.
Nbd2 O-O 9. Re1 Rfe8 10. Nf1 h6 11. Ne3 Qh5 12. Nxg4 Nxg4 13. h3 Nf6 14. Ne5
Qh4 15. Nxc6 bxc6 16. Bf3 Nd5 17. c4 Nb4 18. a3 Na6 19. Bxc6 Qd8 20. Bxa8
Qxa8 21. Qg4 Kh7 22. Qe4+ Qxe4 23. Rxe4 Nb8 24. Bf4 Bxf4 25. Rxf4 Nd7 26.
Rxf7 Rd8 27. Re7 Nb6 28. c5 Nd5 29. Rxe6 Rd7 30. Rae1 c6 31. Rxc6 Nf6 32.
Rd6 Kg8 33. Rxd7 Nxd7 34. c6 Nb6 35. c7 Kf7 36. d5 Nc8 37. b4 g5 38. b5 h5
39. a4 g4 40. a5 gxh3 41. b6 axb6 42. axb6 Nxb6 43. d6 hxg2 44. d7
{Black resigns}
1-0

[Event "ICC tourney 2155 (40 10)"]
[Site "Internet Chess Club"]
[Date "2020.11.22"]
[Round "4"]
[White "Clairehouses"]
[Black "yanje03"]
[Result "1-0"]
[ICCResult "Black checkmated"]
[WhiteElo "1570"]
[BlackElo "1493"]
[Opening "QGD: Semi-Tarrasch, 5.cd"]
[ECO "D41"]
[NIC "TD.12"]
[Time "17:47:37"]
[TimeControl "2400+10"]

1. d4 Nf6 2. c4 e6 3. Nf3 d5 4. Nc3 c5 5. cxd5 Nxd5 6. e4 Nb6 7. Be2 cxd4 8.
Nxd4 Be7 9. O-O O-O 10. Be3 e5 11. Nf3 Nc6 12. a3 Be6 13. Qc2 a6 14. Rfd1
Qc7 15. Nd5 Bxd5 16. exd5 Nxd5 17. Rxd5 Rac8 18. Rc1 Bf6 19. Qf5 h6 20. Bd3
g6 21. Qxf6 Qe7 22. Qxe7 Nxe7 23. Rxc8 Rxc8 24. Rxe5 Rd8 25. Be2 Nc6 26. Rc5
g5 27. h3 Kg7 28. Bxa6 Rd1+ 29. Kh2 bxa6 30. Rxc6 Kg8 31. Rxa6 Rb1 32. b4
Kf8 33. Rxh6 Ra1 34. Ra6 Ke8 35. a4 Kd7 36. b5 f6 37. b6 Kc6 38. Ra7 Ra2 39.
a5 Ra4 40. a6 Ra2 41. Rc7+ Kb5 42. b7 g4 43. hxg4 f5 44. b8=Q+ Ka5 45. Qb6+
Ka4 46. Rc4+ Ka3 47. Qb4# {Black checkmated} 1-0

[Event "ICC tourney 2155 (40 10)"]
[Site "Internet Chess Club"]
[Date "2020.11.22"]
[Round "4"]
[White "aakashjr"]
[Black "Priccchess"]
[Result "0-1"]
[ICCResult "White resigns"]
[WhiteElo "1621"]
[BlackElo "1789"]
[Opening "Philidor's defense"]
[ECO "C41"]
[NIC "KP.10"]
[Time "17:47:33"]
[TimeControl "2400+10"]

1. e4 e5 2. Nf3 d6 3. Bc4 Be7 4. d3 Nf6 5. Nc3 O-O 6. Bd2 Nc6 7. O-O Be6 8.
Bxe6 fxe6 9. Re1 Re8 10. Be3 d5 11. exd5 exd5 12. d4 e4 13. Nd2 a6 14. Nb3
h6 15. Bf4 Bd6 16. Bxd6 Qxd6 17. Re3 Ne7 18. Rh3 Nf5 19. Qe2 b6 20. Nd1 c5
21. c3 Ne7 22. Ne3 Ng6 23. Rg3 Nf4 24. Qd1 N6h5 25. Rg4 c4 26. Nc1 Rf8 27.
Qc2 Rae8 28. Ne2 Nxe2+ 29. Qxe2 Nf4 30. Qc2 Nd3 31. Rf1 b5 32. Rg3 Rf7 33.
Qd2 Ref8 34. Ng4 Kh7 35. Rh3 Qe6 36. Rh4 Rf4 37. h3 R8f7 38. Qe3 Qf5 39. g3
Qg5 40. gxf4 Qxh4 41. Qg3 Qh5 42. Ne5 Nxf4 43. Kh2 Rf5 44. Rg1 g5 45. Ng4
Rf7 46. Ne5 Ne2 47. Qg2 Nxg1 48. Nxf7 Nf3+ 49. Kh1 Qxf7 50. Qg4 Qf4 51. Qd7+
Kg6 52. Qe8+ Qf7 53. Qb8 Kh5 {White resigns} 0-1

[Event "ICC tourney 2155 (40 10)"]
[Site "Internet Chess Club"]
[Date "2020.11.22"]
[Round "5"]
[White "Priccchess"]
[Black "VincentT2008"]
[Result "1/2-1/2"]
[ICCResult "Game drawn by mutual agreement"]
[WhiteElo "1788"]
[BlackElo "1777"]
[Opening "Four knights: Italian variation"]
[ECO "C55"]
[NIC "IG.01"]
[Time "20:01:37"]
[TimeControl "2400+10"]

1. e4 e5 2. Nf3 Nc6 3. Bc4 Nf6 4. Nc3 Nxe4 5. Nxe4 d5 6. Bxd5 Qxd5 7. Nc3
Qd8 8. h3 Bc5 9. O-O O-O 10. d3 a6 11. Be3 Bxe3 12. fxe3 Be6 13. Qe2 Qd7 14.
Rad1 Rad8 15. Ne4 Qe7 16. a3 f6 17. Nc3 Rfe8 18. Qf2 Qf7 19. Qg3 Qh5 20. Qh4
Qg6 21. e4 b5 22. Kh1 Nd4 23. Nxd4 exd4 24. Ne2 c5 25. Nf4 Qf7 26. Nxe6 Rxe6
27. Rf5 c4 28. dxc4 bxc4 29. Rd5 Red6 30. R1xd4 Rxd5 31. exd5 Rxd5 32. Rxc4
Qd7 33. Qf4 Re5 34. Qf3 h6 35. Rb4 Qc7 36. Qd1 {Game drawn by mutual
agreement} 1/2-1/2

[Event "ICC tourney 2155 (40 10)"]
[Site "Internet Chess Club"]
[Date "2020.11.22"]
[Round "5"]
[White "ruitang"]
[Black "aakashjr"]
[Result "1-0"]
[ICCResult "Black resigns"]
[WhiteElo "1666"]
[BlackElo "1606"]
[Opening "Scandinavian: Marshall variation"]
[ECO "B01"]
[NIC "SD.03"]
[Time "20:01:34"]
[TimeControl "2400+10"]

1. e4 d5 2. exd5 Nf6 3. d4 Nxd5 4. c4 Nf6 5. Nf3 Bg4 6. Be2 e6 7. Nc3 Bb4 8.
h3 Bh5 9. a3 Bxc3+ 10. bxc3 Nc6 11. Bg5 O-O 12. O-O Re8 13. Nd2 Bxe2 14.
Qxe2 Ne7 15. Qf3 Nf5 16. Qxb7 h6 17. Bxf6 Qxf6 18. Qxc7 Rec8 19. Qf4 Rd8 20.
Ne4 Qe7 21. Ng3 Rac8 22. Nxf5 exf5 23. Qxf5 Rxc4 24. Qd3 Rdc8 25. Rfe1 Qd6
26. Re8+ Rxe8 27. Qxc4 Qf4 28. Rd1 Qf5 29. d5 Re4 30. Qf1 Re5 31. d6 Rd5 32.
c4 Rxd1 33. Qxd1 Qd7 34. c5 Kf8 35. c6 Qd8 36. c7 Qd7 37. Qc2 {Black
resigns} 1-0

[Event "ICC tourney 2155 (40 10)"]
[Site "Internet Chess Club"]
[Date "2020.11.22"]
[Round "5"]
[White "avats"]
[Black "SunnyCountry"]
[Result "0-1"]
[ICCResult "White resigns"]
[WhiteElo "1562"]
[BlackElo "1349"]
[Opening "Sicilian: Canal-Sokolsky attack, 3...Bd7"]
[ECO "B52"]
[NIC "SI.01"]
[Time "20:01:33"]
[TimeControl "2400+10"]

1. e4 c5 2. Nf3 d6 3. Bb5+ Bd7 4. Bxd7+ Nxd7 5. d4 cxd4 6. Nxd4 Ngf6 7. Nc3
a6 8. Be3 Qc7 9. O-O e6 10. Qd2 Be7 11. Rad1 Rc8 12. Nde2 Ne5 13. Bf4 Nc4
14. Qc1 b5 15. a3 Qc6 16. f3 O-O 17. Rd3 Nd7 18. Rfd1 Nde5 19. Bxe5 Nxe5 20.
R3d2 Nc4 21. Rd3 Ne5 22. R3d2 Nc4 23. Rd3 Ne5 24. R3d2 Nc4 25. Rd3 Ne5 26.
R3d2 Rfd8 27. Ng3 Bg5 28. Nge2 Bxd2 29. Qxd2 Nc4 30. Qc1 Qc5+ 31. Kh1 b4 32.
axb4 Qxb4 33. b3 Nb6 34. Qb2 d5 35. exd5 Nxd5 36. Nxd5 Rxd5 37. Qc1 Rxd1+
38. Qxd1 Qc5 39. c4 h6 40. h3 Qc7 41. Qa1 Rd8 42. Ng1 Qb6 43. Qb1 Rd2
{White resigns}
0-1

[Event "ICC tourney 2155 (40 10)"]
[Site "Internet Chess Club"]
[Date "2020.11.22"]
[Round "5"]
[White "Threehundreds"]
[Black "Clairehouses"]
[Result "0-1"]
[ICCResult "White checkmated"]
[WhiteElo "1466"]
[BlackElo "1582"]
[Opening "Sicilian: Najdorf"]
[ECO "B90"]
[NIC "SI.14"]
[Time "20:01:39"]
[TimeControl "2400+10"]

1. e4 c5 2. Nf3 d6 3. d4 cxd4 4. Nxd4 Nf6 5. Nc3 a6 6. f3 e5 7. Nb3 Be6 8.
Be3 Be7 9. Qd2 Nbd7 10. O-O-O O-O 11. g4 b5 12. g5 b4 13. Ne2 Ne8 14. h4 a5
15. h5 a4 16. Na1 Nb6 17. Bxb6 Qxb6 18. Kb1 b3 19. cxb3 axb3 20. Nxb3 Bxb3
21. axb3 Qxb3 22. Nc3 Nc7 23. Rg1 Ra7 24. Qc2 Ra1+ 25. Kxa1 Qxc2 26. Bc4
Ra8+ 27. Ba2 Na6 28. Rc1 Qd3 29. Rcd1 Qe3 30. Rge1 Qa7 31. Nb5 Qd7 32. Nc3
Nb4 33. Re2 Nxa2 34. Nxa2 Qa4 35. b3 Qxb3 36. Rb1 Qc4 37. Reb2 Qd4 38. g6
fxg6 39. hxg6 hxg6 40. Rc1 Bg5 41. Rb1 Bd8 42. Rc1 Bg5 43. Rb1 Rb8 44. f4
Bxf4 45. Nb4 Rxb4 46. Ka2 Ra4+ 47. Kb3 Qc4# {White checkmated} 0-1

[Event "ICC tourney 2155 (40 10)"]
[Site "Internet Chess Club"]
[Date "2020.11.22"]
[Round "5"]
[White "SK-2005"]
[Black "Supersky"]
[Result "1-0"]
[ICCResult "Black checkmated"]
[WhiteElo "1689"]
[BlackElo "1319"]
[Opening "Sicilian defense"]
[ECO "B40"]
[NIC "SI.43"]
[Time "20:01:31"]
[TimeControl "2400+10"]

1. e4 c5 2. Nf3 e6 3. c3 a6 4. d4 cxd4 5. cxd4 Qc7 6. Nc3 Bb4 7. Bd2 Nf6 8.
Bd3 O-O 9. O-O Bxc3 10. bxc3 b5 11. e5 Nd5 12. Bxh7+ Kxh7 13. Ng5+ Kg6 14.
Qg4 f5 15. Qg3 Qc4 16. Nxe6+ Kf7 17. Qxg7+ Kxe6 18. Qxf8 Nc6 19. Qg8+ Ke7
20. Bg5+ Nf6 21. exf6+ Kd6 22. Bf4+ Ne5 23. Bxe5+ Kc6 24. Qxc4+ bxc4 25.
Rab1 Bb7 26. Rb4 d5 27. Rfb1 Bc8 28. Rb8 Rxb8 29. Rxb8 Be6 30. Re8 Kd7 31.
Re7+ Kd8 32. Rxe6 a5 33. f7 Kd7 34. f8=Q Kxe6 35. Qe8# {Black checkmated}
1-0

[Event "ICC tourney 2155 (40 10)"]
[Site "Internet Chess Club"]
[Date "2020.11.22"]
[Round "5"]
[White "yanje03"]
[Black "keb2020"]
[Result "0-1"]
[ICCResult "White checkmated"]
[WhiteElo "1489"]
[BlackElo "1825"]
[Opening "Pirc defense"]
[ECO "B07"]
[NIC "PU.04"]
[Time "20:01:35"]
[TimeControl "2400+10"]

1. e4 d6 2. d4 Nf6 3. Nc3 g6 4. f3 c6 5. Be3 b5 6. a3 a5 7. Bd3 Bg7 8. Nge2
Nbd7 9. Qd2 h5 10. d5 cxd5 11. exd5 Ba6 12. Nd4 b4 13. axb4 Bxd3 14. Qxd3
axb4 15. Rxa8 Qxa8 16. Ndb5 Qa1+ 17. Nd1 O-O 18. O-O Ne5 19. Qb3 Qa5 20. Nd4
Nxd5 21. Bd2 Qc5 22. Be3 Nxe3 23. Qxe3 Nc4 24. Qxe7 Qxd4+ 25. Kh1 Nxb2 26.
Nxb2 Qxb2 27. Qxd6 Rc8 28. Rd1 Rxc2 29. Qb8+ Kh7 30. Qg3 Rc1 31. Qe1 Rxd1
32. Qxd1 Qa1 33. Qxa1 Bxa1 34. h3 b3 35. g4 b2 36. gxh5 b1=Q+ 37. Kg2 Be5
38. hxg6+ fxg6 39. Kf2 Qb2+ 40. Ke3 Qd4+ 41. Ke2 Bf4 42. Kf1 Qd2 43. Kg1 Bg3
44. Kh1 Qh2# {White checkmated} 0-1

[Event "ICC tourney 2155 (40 10)"]
[Site "Internet Chess Club"]
[Date "2020.11.22"]
[Round "5"]
[White "cdj12417489"]
[Black "mrneale"]
[Result "0-1"]
[ICCResult "White checkmated"]
[WhiteElo "1257"]
[BlackElo "1555"]
[Opening "Philidor: Hanham variation"]
[ECO "B07"]
[NIC "VO.17"]
[Time "20:01:42"]
[TimeControl "2400+10"]

1. e4 d6 2. d4 Nd7 3. Nf3 e5 4. Nc3 Be7 5. Bc4 c6 6. d5 Ngf6 7. O-O Nf8 8.
Bg5 cxd5 9. Nxd5 Nxd5 10. Bb5+ Bd7 11. Bxd7+ Qxd7 12. Qxd5 Bxg5 13. Nxg5 Ne6
14. Nf3 O-O 15. Nxe5 Qe7 16. Nc4 Rfd8 17. Rad1 Nf4 18. Qf5 Ne6 19. Rd2 g6
20. Qf3 Ng5 21. Qe3 Nxe4 22. f3 Qe6 23. Qxe4 d5 24. Qxe6 fxe6 25. Ne5 Kg7
26. Rd4 Kf6 27. Re1 Rac8 28. Rf4+ Kg7 29. Rf7+ Kg8 30. Rxb7 Rxc2 31. Rxa7
Rdc8 32. Ng4 h5 33. Nf6+ Kf8 34. Rxe6 Rxb2 35. Nh7+ Kg8 36. Rxg6+ Kh8 37.
Rgg7 Rc1# {White checkmated} 0-1